 Dungeon Crawl Stone Soup version 0.27.0-1-g7a08968 (webtiles) character file.

Game seed: 9563116043141340184

11053 NeededCrab the Thaumaturge (level 11, -8/94 HPs)
             Began as a Red Draconian Hedge Wizard on Sept 19, 2021.
             Was an Elder of Sif Muna.
             Hit by a large rock thrown by a cyclops (26 damage)
             ... on level 10 of the Dungeon.
             The game lasted 01:53:21 (20101 turns).

NeededCrab the Thaumaturge (DrWz)                  Turns: 20101, Time: 01:53:21

Health: -8/94      AC:  9    Str: 13    XL:     11   Next: 44%
Magic:  8/24       EV: 17    Int: 18    God:    Sif Muna [****..]
Gold:   620        SH:  0    Dex: 10    Spells: 13/28 levels left

rFire    + . .     SeeInvis .   v - +2 dagger (holy)
rCold    + . .     Faith    .   (no shield)
rNeg     . . .     Spirit   .   (armour unavailable)
rPois    .         Reflect  .   b - +0 hat
rElec    .         Harm     .   B - +0 cloak
rCorr    .         Rampage  .   E - +0 pair of gloves
Will     .....                  (no boots)
Stlth    ++........             (no amulet)
HPRegen  0.25/turn              F - ring of protection from cold
MPRegen  0.19/turn              y - +4 ring of evasion

@: short of breath
A: breathe fire, AC +7, unfitting armour, fire resistance 1, cold-blooded
a: Breathe Fire, Renounce Religion, Channel Magic, Forget Spell, Divine Exegesis


You were on level 10 of the Dungeon.
You worshipped Sif Muna.
Sif Muna was greatly pleased with you.
You visited 2 branches of the dungeon, and saw 11 of its levels.
You also visited: Ossuary.

You collected 620 gold pieces.

Inventory:

Hand Weapons
 v - a +2 dagger of holy wrath (weapon)
 C - a +2 rapier of venom
Missiles
 G - 3 throwing nets
Armour
 b - a +0 hat (worn)
 B - a +0 cloak (worn)
 E - a +0 pair of gloves (worn)
 J - a +0 kite shield
Jewellery
 a - an amulet of guardian spirit
 g - a +6 ring of strength
 w - a ring of flight
 y - a +4 ring of evasion (right hand)
 F - a ring of protection from cold (left hand)
 K - a +6 ring of intelligence
Wands
 f - a wand of polymorph (9)
 A - a wand of iceblast (43)
Scrolls
 d - 3 scrolls of enchant weapon
 e - 3 scrolls of magic mapping
 h - 2 scrolls of enchant armour {unknown}
 j - 4 scrolls of fear
 k - 2 scrolls of immolation
 m - 3 scrolls of fog
 n - 2 scrolls of vulnerability {unknown}
 p - 3 scrolls of teleportation
 D - a scroll of amnesia {unknown}
 I - a scroll of holy word {unknown}
Potions
 c - a potion of might
 i - 3 potions of flight
 l - 2 potions of attraction
 o - a potion of heal wounds
 q - 3 potions of brilliance
 r - a potion of invisibility
 t - a potion of haste
 u - 2 potions of mutation
 x - 2 potions of cancellation
 z - a potion of ambrosia
 H - a potion of resistance


   Skills:
 - Level 8.2 Fighting
 * Level 4.4 Dodging
 - Level 1.7 Stealth
 + Level 9.3 Spellcasting
 - Level 9.0 Conjurations
 - Level 4.0 Summonings
 - Level 4.0 Translocations
 - Level 4.0 Fire Magic
 - Level 3.0 Air Magic
 - Level 3.1 Poison Magic
 * Level 4.6 Invocations


You had 13 spell levels left.
You knew the following spells:

 Your Spells              Type           Power      Damage    Failure   Level
a - Magic Dart            Conj           100%       1d8       1%          1
b - Call Imp              Summ           22%        N/A       2%          2
c - Mephitic Cloud        Conj/Pois/Air  26%        N/A       3%          3
d - Conjure Flame         Conj/Fire      31%        6-21      1%          3
e - Passage of Golubria   Tloc           N/A        N/A       17%         4
B - Blink                 Tloc           N/A        N/A       2%          2

Your spell library contained the following spells:

 Spells                   Type           Power      Damage    Failure   Level
 Slow                     Hex            8%         N/A       13%         2
 Tukima's Dance           Hex            8%         N/A       26%         3
 Yara's Violent Unravell  Hex/Tmut       4%         3d4       94%         5


Dungeon Overview and Level Annotations

Branches:
Dungeon (10/15)            Temple (1/1) D:4         Ossuary (visited)
   Lair: D:8-11         Orc: D:9-12

Altars:
Ashenzari
Cheibriados
Dithmenos
Elyvilon
Fedhas
Gozag
Hepliaklqana
Kikubaaqudgha
Makhleb
Nemelex Xobeh
Okawaru
Qazlal
Ru
Sif Muna
Trog
Uskayaw
Vehumet
Wu Jian
Xom
Yredelemnul
Zin
The Shining One

Shops:
D:2 ?

Annotations:
D:2 Sigmund


Innate Abilities, Weirdness & Mutations

You can breathe blasts of fire.
Your fiery red scales are hard. (AC +7)
You cannot fit into any form of body armour.
Your flesh is heat resistant. (rF+)
You are cold-blooded and may be slowed by cold attacks.


Message History

Your crimson imp blinks!
Your crimson imp hits the warg.
The warg dies!
Sif Muna accepts your kill.
The gnoll sergeant shouts!
Things that are here:
a +0 ring mail; a +0 trident
Casting: Call Imp (safe; 2% risk of failure)
Confirm with . or Enter, or press ? or * to list all spells.
The fire begins to smoulder!
The fire ignites!
You have got your breath back.
Press: ? - help, Shift-Dir - straight line You breathe a blast of fire.
The fiery breath misses the gnoll sergeant.
The gnoll sergeant is engulfed in blazing flames.
Casting: Conjure Flame (safe; 1% risk of failure)
Confirm with . or Enter, or press ? or * to list all spells.
Aiming: Mephitic Cloud (mildly dangerous; 3% risk of failure)
Press: ? - help, Shift-Dir - straight line, f - gnoll sergeant
Aim: a gnoll sergeant, wielding a +0 trident and wearing a +0 scale mail (moderately wounded, chance to affect: 81%)
The ball explodes into a vile cloud!
The stinking cloud engulfs the gnoll sergeant but does no damage.
The gnoll sergeant is moderately wounded.
The gnoll sergeant is engulfed in noxious fumes.
The gnoll sergeant appears confused.
The gnoll sergeant asks, "What the hell are we doing here?
Hmm, I see..."
Your white imp gestures at the gnoll sergeant.
The puff of frost hits the gnoll sergeant.
You hear a sizzling sound!
Your crimson imp hits the gnoll sergeant but does no damage.
Your crimson imp blinks!
You hear a snapping sound.
Your crimson imp blinks!
Your white imp completely misses the gnoll sergeant.
Your crimson imp disappears in a puff of smoke!
The gnoll sergeant hits your white imp with a +0 trident.
Your white imp hits the gnoll sergeant but does no damage.
The cyclops throws a large rock.
The large rock hits you!!
You die...

..≈≈ ...#..........C......
..≈≈#####≈≈≈≈≈≈≈≈o≈≈≈....≈
..≈≈≈≈≈≈≈≈≈≈≈≈≈≈≈≈≈≈≈....≈
..≈h≈≈≈≈≈≈≈≈≈≈≈≈≈≈≈≈≈....≈
...............†.h†.......
#.......#..o####.#...#..
#....5..#.o.####.#...#..
#.....§.#C.......#...#..
#...#g5@..§......#...#.)
#...#[#################'
#...#○#.........######..
#...○°#..............#..
#.....#..............#..
#.##..'..g...........#..
#g##..#.......<......#..
#.##..#..............#..
#.##..#...############..


You could see a cyclops, a hell hound, a gnoll sergeant (confused, ally target),
an orc priest, an orc wizard, a friendly crimson imp (summoned) and a friendly
white imp (summoned).

Vanquished Creatures
  Erica (D:8)
  2 two-headed ogres
  Pikel (D:4)
  2 kobold demonologists
  2 trolls (D:10)
  A shadow (D:9)
  A wyvern (D:7)
  14 yaks
  3 wargs (D:10)
  2 acid dragons
  A hell hound (D:10)
  A water moccasin (D:7)
  5 orc warriors
  3 sky beasts
  2 black bears
  An ogre (D:5)
  A necrophage (D:5)
  A lemure (Temple)
  2 centaurs
  2 kobold brigands (D:10)
  A bullfrog (D:8)
  A wyvern zombie (D:6)
  4 gnoll sergeants
  2 scorpions
  3 killer bees (D:7)
  2 wights (D:10)
  A howler monkey (D:10)
  3 centaur zombies
  2 hounds
  A jelly (D:4)
  8 orc priests
  2 bullfrog skeletons
  A centaur skeleton (D:7)
  3 gnoll shamans (D:10)
  3 iguanas
  14 orc wizards
  A killer bee zombie (D:7)
  A hound zombie (D:5)
  A mummy (Ossuary)
  A howler monkey zombie (D:10)
  10 gnolls
  2 adders (D:4)
  A shadow imp (D:6)
  2 white imps (D:6)
  An adder zombie (D:5)
  A worm (D:2)
  21 orcs
  2 ball pythons
  3 endoplasms (D:1)
  A giant cockroach (D:2)
  A gnoll zombie (Ossuary)
  6 goblins
  3 hobgoblins
  A jackal (D:4)
  6 kobolds
  2 quokkas
  3 bats
  3 frilled lizards
  A goblin zombie (Ossuary)
  A hobgoblin zombie (Ossuary)
  2 kobold zombies (Ossuary)
  An orc zombie (Ossuary)
  6 rats
183 creatures vanquished.

Vanquished Creatures (collateral kills)
  A kobold demonologist (D:10)
  A wyvern (D:8)
  2 yaks
  Eustachio (D:6)
  2 wargs (D:10)
  An acid dragon (D:9)
  An orc warrior (D:5)
  A necrophage (D:4)
  2 lemures (Temple)
  4 kobold brigands (D:10)
  2 gnoll sergeants
  3 killer bees (D:7)
  A wight (D:10)
  2 centaur zombies (Ossuary)
  4 orc priests
  An iguana (D:5)
  Terence (D:2)
  2 orc wizards
  2 mummies (Ossuary)
  2 gnolls (D:3)
  3 adders
  A worm (D:4)
  6 orcs
  5 endoplasms
  A goblin (D:1)
  2 hobgoblins
  5 jackals
  4 kobolds
  3 rats
66 creatures vanquished.

Vanquished Creatures (others)
  A fungus (D:10)
  8 plants (D:10)
9 creatures vanquished.

Grand Total: 258 creatures vanquished

Notes
Turn   | Place    | Note
-------+----------+-------------------------------------------
     0 | D:1      | NeededCrab the Draconian Hedge Wizard began the quest for
                  | the Orb.
     0 | D:1      | Reached XP level 1. HP: 14/14 MP: 4/4
   301 | D:1      | Reached XP level 2. HP: 20/20 MP: 1/6
   351 | D:1      | Learned a level 2 spell: Call Imp
  1343 | D:1      | You fall into a shaft and drop 1 floor!
  1482 | D:1      | Found a faded altar of an unknown god.
  1696 | D:1      | Reached XP level 3. HP: 26/26 MP: 4/7
  2010 | D:2      | Learned a level 3 spell: Mephitic Cloud
  2020 | D:2      | Learned a level 2 spell: Blink
  2254 | D:2      | Found a stormy altar of Qazlal.
  2423 | D:2      | Noticed Sigmund
  2836 | D:2      | Found Azibayrph's Magic Scroll Boutique.
  2838 | D:2      | Noticed Terence
  2858 | D:2      | Killed Terence
  2859 | D:2      | Reached XP level 4. HP: 27/33 MP: 1/9
  3831 | D:3      | Reached skill level 1 in Poison Magic
  4084 | D:3      | Found a shimmering blue altar of Sif Muna.
  4090 | D:3      | Became a worshipper of Sif Muna the Loreminder
  4304 | D:3      | Reached skill level 1 in Air Magic
  4919 | D:4      | Found a staircase to the Ecumenical Temple.
  4928 | Temple   | Entered the Ecumenical Temple
  4957 | D:4      | Found a sand-covered staircase.
  4966 | Ossuary  | Entered an ossuary
  4997 | Ossuary  | Reached XP level 5. HP: 31/38 MP: 6/10
  5663 | D:4      | Found a burning altar of Makhleb.
  5667 | D:4      | Found an ancient bone altar of Kikubaaqudgha.
  5667 | D:4      | Found a white marble altar of Elyvilon.
  5674 | D:4      | Noticed a lemure
  5691 | D:4      | Noticed a lemure
  5716 | Temple   | Killed a lemure
  5782 | D:4      | Noticed a lemure
  5783 | D:4      | Noticed a lemure
  5784 | D:4      | Reached * piety under Sif Muna
  5785 | D:4      | Noticed Pikel
  5857 | Temple   | Killed a lemure
  6040 | Temple   | Killed a lemure
  6263 | D:4      | Killed Pikel
  6264 | D:4      | Reached skill level 5 in Conjurations
  6264 | D:4      | Reached XP level 6. HP: 14/45 MP: 1/12
  6264 | D:4      | Your scales start taking on a fiery red colour.
  6264 | D:4      | Reached XP level 7. HP: 15/50 MP: 1/13
  6264 | D:4      | Gained mutation: Your flesh is heat resistant. (rF+) [Red
                  | Draconian growth]
  6482 | D:4      | Learned a level 3 spell: Conjure Flame
  6704 | D:4      | Reached skill level 1 in Fire Magic
  6916 | D:4      | Found a bloodstained altar of Trog.
  7142 | D:5      | Entered Level 5 of the Dungeon
  7509 | D:5      | Reached XP level 8. HP: 57/57 MP: 6/15
  7825 | D:5      | Reached skill level 5 in Spellcasting
  9237 | D:6      | Reached skill level 1 in Fighting
  9264 | D:6      | Reached ** piety under Sif Muna
  9760 | D:6      | Noticed Eustachio
  9794 | D:6      | Killed Eustachio
 10243 | D:7      | Reached XP level 9. HP: 68/68 MP: 6/17
 12207 | D:8      | Reached skill level 5 in Fighting
 12379 | D:8      | Found a shadowy altar of Dithmenos.
 12492 | D:8      | Noticed Erica
 12519 | D:8      | Killed Erica
 12846 | D:8      | Reached XP level 10. HP: 52/83 MP: 21/21
 13221 | D:9      | Reached *** piety under Sif Muna
 13506 | D:8      | Learned a level 4 spell: Passage of Golubria
 13749 | D:9      | Noticed a two-headed ogre
 13777 | D:9      | Killed a two-headed ogre
 14798 | D:9      | Found a glowing golden altar of the Shining One.
 14823 | D:9      | Found an ornate altar of the Wu Jian Council.
 15013 | D:9      | Found a blossoming altar of Fedhas.
 15070 | D:10     | Entered Level 10 of the Dungeon
 16186 | D:10     | Reached skill level 1 in Invocations
 16186 | D:10     | Reached XP level 11. HP: 94/94 MP: 7/23
 16525 | D:10     | Found a broken altar of Ashenzari.
 17572 | D:10     | Noticed an orc sorcerer
 17655 | D:10     | Noticed a sixfirhy
 17932 | D:9      | Noticed a sun demon
 17938 | D:9      | Noticed a sixfirhy
 18691 | D:10     | Noticed a sphinx
 18715 | D:10     | Paralysed by a sphinx for 4 turns
 18733 | D:10     | Paralysed by a sphinx for 4 turns
 19057 | D:9      | Paralysed by a sphinx for 5 turns
 19654 | D:10     | Noticed a two-headed ogre
 19673 | D:10     | Killed a two-headed ogre
 19673 | D:10     | Reached **** piety under Sif Muna
 20101 | D:10     | Hit by a large rock thrown by a cyclops

Illustrated notes

Levels and vault maps discovered:
D:1:      scummos_arrival_simple_fountains, layout_loops_corners,
          shapermc_ecumenical_altar_mp_highgroup
D:2:      layout_basic, serial_shops,
          nicolae_shop_temple_entry_statues_fountains, basic_altar,
          minmay_cupped, uniq_sigmund, uniq_terence
D:3:      layout_basic, mainiacjoe_overflow_tiny_flanked
D:4:      layout_basic, trog_three_pillars_becter, grunt_temple_overflow_open,
          temple_statues, nicolae_ossuary_entry_ruins, minmay_misc_feat_pillars,
          uniq_pikel
D:5:      layout_loops_ring, corexii_item_surrounded_by_moat
D:6:      layout_basic, uniq_eustachio
D:7:      layout_layer_cave, kennysheep_generic_room_4
D:8:      layout_rooms, grunt_dithmenos_smoke_and_mirrors, uniq_erica
D:9:      layout_irregular_city, fedhas_altar_fruit_tree,
          mainiacjoe_overflow_two_lobes, bh_walls_and_bars
D:10:     lemuel_castle_with_subvaults [lemuel_castle_interior_original],
          layout_stronghold, lemuel_crystal_altar
Temple:   nicolae_temple_hex_pool

Skill      XL: |  1  2  3  4  5  6  7  8  9 10 11 |
---------------+----------------------------------+-----
Conjurations   | 2 3 5 7 9 |  9.0
Poison Magic   | 1 3 |  3.1
Air Magic      | 1 3 |  3.0
Spellcasting   | 4 5 7 8 9 |  9.3
Fire Magic     | 3 4 |  4.0
Translocations | 2 4 |  4.0
Summonings     | 2 4 |  4.0
Fighting       | 2 5 8 |  8.2
Dodging        | 2 4 |  4.4
Invocations    | 1 4 |  4.6
Stealth        | |  1.7

Action                   |  1- 3 |  4- 6 |  7- 9 | 10-12 || total
-------------------------+-------+-------+-------+-------++-------
Melee: Dagger            |    24 |    62 |   149 |    71 ||   306
       Tailslap          |     2 |     5 |    15 |    13 ||    35
 Cast: Magic Dart        |    47 |    66 |   105 |   110 ||   328
       Call Imp          |    27 |    29 |    47 |    71 ||   174
       Blink             |     1 |     1 |     1 |    18 ||    21
       Mephitic Cloud    |       |     5 |    42 |    43 ||    90
       Conjure Flame     |       |       |     8 |    58 ||    66
       Passage of Golubr |       |       |       |     7 ||     7
Invok: Channel Magic     |       |       |       |     1 ||     1
 Abil: Breathe Fire      |       |       |    41 |    75 ||   116
  Use: Scroll            |       |       |       |    15 ||    15
       Potion            |       |       |       |    14 ||    14
 Stab: Distracted        |     1 |       |     1 |       ||     2
       Confused          |       |     1 |     4 |     2 ||     7
       Sleeping          |       |       |     1 |       ||     1
Armor: Skin              |     4 |    32 |    58 |    45 ||   139
Dodge: Dodged            |    17 |    57 |   159 |   144 ||   377
